 Dungeon Crawl Stone Soup version 0.29.1-15-g9cfb28693d (webtiles) character file.

Game seed: 5508905602320600376

38 QwertyIsDirtey123 the Slasher (level 3, 0/33 HPs)
             Began as a Minotaur Berserker on Apr 3, 2023.
             Was a Follower of Trog.
             Succumbed to an adder's poison
             ... on level 2 of the Dungeon.
             The game lasted 00:02:49 (562 turns).

QwertyIsDirtey123 the Slasher (Minotaur Berserker)   Turns: 562, Time: 00:02:49

Health: 0/33       AC:  3    Str: 23    XL:     3   Next: 25%
Magic:  2/2        EV: 12    Int:  4    God:    Trog [*.....]
Gold:   31         SH:  0    Dex:  9    Spells: 2/2 levels left

rFire   . . .      SeeInvis .   a - +0 falchion
rCold   . . .      Faith    .   (no shield)
rNeg    . . .      Spirit   .   g - +0 leather armour
rPois   .          Reflect  .   (helmet restricted)
rElec   .          Harm     .   (no cloak)
rCorr   .          Rampage  .   (no gloves)
Will    .....                   (no boots)
Stlth   +.........              (no amulet)
HPRegen 0.11/turn               (no ring)
MPRegen 0.08/turn               (no ring)

@: lethally poisoned (0 -> -2)
A: horns 2, retaliatory headbutt
a: Renounce Religion, Berserk


You were on level 2 of the Dungeon.
You worshipped Trog.
Trog was aware of your devotion.
You visited 1 branch of the dungeon, and saw 2 of its levels.

You collected 31 gold pieces.

Inventory:

Hand Weapons
 a - a +0 falchion (weapon)
Armour
 b - a +0 animal skin
 f - an orb of light
 g - a +0 leather armour (worn)
Scrolls
 c - 2 scrolls of identify {unknown}
 d - a scroll of immolation {unknown}
Potions
 e - a potion of resistance {unknown}
 h - a potion of might {unknown}
 i - a potion of lignification {unknown}


   Skills:
 + Level 3.9 Fighting
 + Level 4.8 Long Blades
 + Level 2.5 Armour
 + Level 2.5 Dodging


You had 2 spell levels left.
You didn't know any spells.
Your spell library was empty.

Dungeon Overview and Level Annotations

Branches:
Dungeon (2/15)

Altars:


Innate Abilities, Weirdness & Mutations

You have a pair of horns on your head.
You reflexively headbutt those who attack you in melee.


Message History

You closely miss the adder. Your headbutt misses the adder.
The adder is severely wounded.
You feel sick. The adder bites you but does no damage.
You hit the adder but do no damage. You headbutt the adder.
The adder is almost dead.
You feel sick. The adder closely misses you.
You closely miss the adder.
The adder is almost dead.
You feel sick. The adder misses you. The adder bites you.
You are more poisoned.
The adder poisons you!
You closely miss the adder. Your headbutt misses the adder.
The adder is almost dead.
You feel sick. The adder completely misses you.
You closely miss the adder.
The adder is almost dead.
You feel sick. The adder barely misses you. The adder bites you.
* * * LOW HITPOINT WARNING * * *
You are lethally poisoned!
The adder poisons you!
You miss the adder. Your headbutt misses the adder.
The adder is almost dead.
* * * LOW HITPOINT WARNING * * *
You feel sick. The adder barely misses you.
Unknown command.
You closely miss the adder.
The adder is almost dead.
* * * LOW HITPOINT WARNING * * *
You feel sick. The adder barely misses you.
You hit the adder.
You kill the adder!
Trog accepts your kill.
* * * LOW HITPOINT WARNING * * *
You feel sick.
* * * LOW HITPOINT WARNING * * *
You feel sick.
* * * LOW HITPOINT WARNING * * *
You feel sick.
Unknown command.
You die...

.. #.. #.# ### ..#
#.# #.# #.# #.# #.#
####.# #.# ##.##.#
#.#
####...#.######.#####
+...@................
#.##...#..########...
#.###.##..# #..# #.#
#.....# #.## #.>
......# #.#
#####)##### #.# #.#
#.# #.# #.#


There were no monsters in sight!

Vanquished Creatures
  2 adders (D:2)
  A worm (D:2)
  2 ball pythons (D:1)
  2 endoplasms (D:1)
  A goblin (D:1)
  A hobgoblin (D:1)
  2 jackals (D:2)
  4 bats (D:1)
  A kobold (D:2)
  A rat (D:1)
17 creatures vanquished.

Notes
Turn   | Place    | Note
-------+----------+-------------------------------------------
     0 | D:1      | QwertyIsDirtey123 the Minotaur Berserker began the quest
                  | for the Orb.
     0 | D:1      | Reached XP level 1. HP: 19/19 MP: 0/0
   250 | D:1      | Reached skill level 4 in Long Blades
   250 | D:1      | Reached XP level 2. HP: 25/27 MP: 1/1
   525 | D:2      | Reached XP level 3. HP: 31/33 MP: 2/2
   561 | D:2      | HP: 1/33 [poisoned by an adder]
   562 | D:2      | Succumbed to an adder's poison

Illustrated notes

Levels and vault maps discovered:
D:1:      minmay_arrival_five_plusses, layout_basic, supply_closet_lemuel,
          ebering_dispersal_statue_hall
D:2:      layout_loops_corners, small_statue_intersection, chequers_jeans,
          minmay_quantized, uniq_jessica

Skill      XL: |  1 |
---------------+----+-----
Long Blades    | 4 |  4.8
Fighting       | |  3.9
Armour         | |  2.5
Dodging        | |  2.5

Action                   || total
-------------------------++-------
Melee: Falchion          ||    44
       Headbutt          ||     7
Armor: Animal skin       ||     7
       Leather armour    ||     8
Dodge: Dodged            ||    43
